 Dungeon Crawl Stone Soup version 0.31.0-7-gf635a9b802 (webtiles) character file.

Game seed: 12727117295743019894

7 Skitler the Conjurer (level 2, -1/10 (17) HPs)
             Began as a Tengu Reaver on Jan 24, 2024.
             Killed from afar by a dart slug (4 damage)
             ... with a slug dart
             ... on level 1 of the Dungeon.
             The game lasted 00:01:26 (691 turns).

Skitler the Conjurer (Tengu Reaver)                  Turns: 691, Time: 00:01:27

HP:   -1/10 (17)    AC:  0    Str: 12    XL:     2   Next: 4%
MP:   6/6           EV: 27    Int: 13    God:
Gold: 34            SH:  0    Dex: 12    Spells: 4/5 levels left

rFire   . . .        (no weapon)
rCold   . . .        (no shield)
rNeg    . . .        (no body armour)
rPois   .            (helmet restricted)
rElec   .            (no cloak)
rCorr   .            (no gloves)
SInv    .            (boots unavailable)
Will    .....        (no amulet)
Stlth   +            (no ring)
HPRegen 0.21/turn    (no ring)
MPRegen 0.10/turn

%: acrobat
@: acrobatic, very heavily drained
A: beak, talons 3, acrobatic
a: no special abilities


You were on level 1 of the Dungeon.
You visited 1 branch of the dungeon, and saw 1 of its levels.

You collected 34 gold pieces.

Inventory:

Armour
 b - a +0 leather armour
 d - a +0 scale mail
Scrolls
 e - a scroll of identify {unknown}
Potions
 c - a potion of magic {unknown}


   Skills:
 * Level 2.2 Fighting
 + Level 3.3 Polearms
 + Level 0.4 Armour
 + Level 2.3 Dodging
 * Level 2.1 Spellcasting
 + Level 4.0 Conjurations


You had 4 spell levels left.
You knew the following spells:

 Your Spells              Type           Power      Damage    Failure   Level
a - Kiss of Death         Conj/Necr      24%        2d7       11%         1

Your spell library contained the following spells:

 Spells                   Type           Power      Damage    Failure   Level
 Momentum Strike          Conj/Tloc      12%        3d8       17%         2
 Hailstorm                Conj/Ice       6%         3d5       32%         3


Dungeon Overview and Level Annotations

Branches:
Dungeon (1/15)

Altars:


Innate Abilities, Weirdness & Mutations

You have a beak for a mouth.
You have claws for feet.
You can magically evade attacks while moving or waiting.


Message History

The slug dart hits you.
The dart slug bites you but does no damage.
The dart slug completely misses you. The dart slug completely misses you.
You are now empty-handed.
You drop a +0 spear.
The dart slug closely misses you. The dart slug barely misses you.
You start removing your armour.
You continue taking off your +0 leather armour. x2
The dart slug misses you.
You continue taking off your +0 leather armour.
The dart slug bites you but does no damage.
You continue taking off your +0 leather armour.
You finish taking off your +0 leather armour.
The dart slug bites you. The dart slug barely misses you.
The dart slug launches a dart at you. The slug dart hits you.
The dart slug misses you. The dart slug completely misses you.
The dart slug completely misses you. The dart slug barely misses you.
The dart slug launches a dart at you. The slug dart hits you.
Ouch! That really hurt!
* * * LOW HITPOINT WARNING * * *
The dart slug launches a dart at you. The slug dart misses you.
The dart slug launches a dart at you. The slug dart misses you.
The dart slug launches a dart at you. The slug dart misses you.
The dart slug closely misses you. The dart slug launches a dart at you.
The slug dart misses you. The dart slug completely misses you.
The dart slug completely misses you. The dart slug launches a dart at you.
The slug dart hits you.
You die...

.#..)......##
#......##..
.....#######
#.#######.# ##.###
#.# #.# ##.# ##+##
#.. ..# #..# ##...##
#.#### ##.....## #
#.##.######.......##
#
.........#......w..#
..######
.........'รท.....@..+
........
......##.#.........#
..######
.###.###.##.......##
### .
.......###.....## #..
####.##### ##...##
#.# #.# ##+## #.#


You could see a dart slug.

Vanquished Creatures
  An endoplasm (D:1)
  A goblin (D:1)
  A quokka (D:1)
  A bat (D:1)
  A frilled lizard (D:1)
  2 kobolds (D:1)
  A rat (D:1)
8 creatures vanquished.

Notes
Turn   | Place    | Note
-------+----------+-------------------------------------------
     0 | D:1      | Skitler the Tengu Reaver began the quest for the Orb.
     0 | D:1      | Reached XP level 1. HP: 12/12 MP: 4/4
   393 | D:1      | Reached XP level 2. HP: 8/10 MP: 3/6
   691 | D:1      | Killed from afar by a dart slug

Illustrated notes

Levels and vault maps discovered:
D:1:      dpeg_arrival_rooms_with_view, layout_loops_corners, serial_forest,
          infiniplex_forest_straight_2, infiniplex_forest_end_1,
          infiniplex_forest_straight_3, infiniplex_forest_lined_2,
          infiniplex_forest_clump_curved, infiniplex_forest_straight_1,
          infiniplex_forest_diagonal

Action                     || total
---------------------------++-------
  Melee: Spear             ||    10
         Kick              ||     3
         Peck              ||     1
   Cast: Kiss of Death     ||     4
 Armour: Leather armour    ||    29
         Skin              ||     4
  Dodge: Dodged            ||   156
